 Dungeon Crawl Stone Soup version 0.29.1-2-gbd0b4ee654 (webtiles) character file.

Game seed: 6224967768843590011

10571 cdecastro the Alchemist (level 11, -10/80 (92) HPs)
             Began as a Red Draconian Transmuter on Oct 31, 2022.
             Was a Follower of Uskayaw.
             Killed from afar by Nergalle (34 damage)
             ... with a bolt of negative energy
             ... on level 11 of the Dungeon.
             The game lasted 00:32:31 (13824 turns).

cdecastro the Alchemist (Red Draconian Transmuter) Turns: 13824, Time: 00:32:32

HP:   -10/80 (92)   AC:  8    Str: 12    XL:     11   Next: 37%
MP:   10/14         EV: 10    Int: 17    God:    Uskayaw [*.....]
Gold: 414           SH:  5    Dex: 25    Spells: 1/14 levels left

rFire   x . .      SeeInvis .     - Unarmed
rCold   + + +      Faith    .   (shield currently unavailable)
rNeg    . . .      Spirit   .   (body armour unavailable)
rPois   +          Reflect  +   (helmet currently unavailable)
rElec   .          Harm     .   (cloak currently unavailable)
rCorr   .          Rampage  .   (gloves currently unavailable)
Will    .....                   (boots currently unavailable)
Stlth   ++........              A - amulet of reflection
HPRegen 0.23/turn               d - +6 ring of dexterity
MPRegen 0.14/turn               G - +6 ring of dexterity

@: short of breath, ice-form, heavily drained
A: freezing attack, amphibious, boosted hp, (breathe fire), AC +7, large,
unfitting armour, (fire resistance 1), (cold-blooded)
a: End Transformation, Renounce Religion, Stomp


You were on level 11 of the Dungeon.
You worshipped Uskayaw.
Uskayaw was noncommittal.
You were a creature of crystalline ice.
You visited 2 branches of the dungeon, and saw 12 of its levels.

You collected 414 gold pieces.

Inventory:

Hand Weapons
 a - a +2 whip of freezing
 c - a +2 dagger of venom (melded)
 s - a +1 dagger of flaming
 y - a +4 rapier of protection
 H - a +1 whip of electrocution
Missiles
 b - 75 stones
 e - a boomerang of dispersal
 i - 2 throwing nets
 l - a javelin
 m - 15 poisoned darts
 v - a boomerang
Armour
 I - a +0 cloak (melded)
 M - a +0 pair of gloves
Magical Staves
 x - a staff of poison
 D - a staff of earth
Jewellery
 d - a +6 ring of dexterity (left front paw)
 A - an amulet of reflection (around neck)
 G - a +6 ring of dexterity (right front paw)
 K - a ring of poison resistance
 O - an amulet of faith
Wands
 o - a wand of roots (14)
 p - a wand of mindburst (9)
 B - a wand of quicksilver (7)
Scrolls
 f - 2 scrolls of summoning
 n - 2 scrolls of enchant armour
 r - a scroll of vulnerability {unknown}
 z - 5 scrolls of identify
 C - 3 scrolls of teleportation {unknown}
 E - 3 scrolls of poison {unknown}
 F - a scroll of magic mapping
 J - a scroll of fear {unknown}
 L - 2 scrolls of immolation
 N - a scroll of silence {unknown}
Potions
 g - 3 potions of ambrosia
 h - 3 potions of curing
 j - 2 potions of resistance
 k - 2 potions of heal wounds
 q - a potion of brilliance {unknown}
 t - a potion of haste {unknown}
 u - a potion of invisibility {unknown}
 w - 5 potions of attraction {unknown}
 P - a potion of cancellation {unknown}


   Skills:
 - Level 1.1 Fighting
 - Level 1.7 Dodging
 - Level 3.1 Unarmed Combat
 - Level 2.0 Spellcasting
 * Level 17.6 Transmutations


You had one spell level left.
You knew the following spells:

 Your Spells              Type           Power      Damage    Failure   Level
a - Beastly Appendage     Tmut           100%       N/A       0%          1
b - Wereblood             Tmut           58%        N/A       1%          2
c - Spider Form           Tmut/Pois      31%        N/A       1%          3
d - Ignite Poison         Fire/Tmut/Pois 21%        N/A       5%          3
e - Ice Form              Ice/Tmut       31%        N/A       4%          4

Your spell library contained the following spells:

 Spells                   Type           Power      Damage    Failure   Level
 Apportation              Tloc           2%         N/A       19%         1
 Necrotise                Necr           4%         1d4       19%         1
 Slow                     Hex            4%         N/A       19%         1
 Summon Small Mammal      Summ           4%         N/A       19%         1
 Petrify                  Tmut/Erth      31%        N/A       4%          4
 Sublimation of Blood     Necr           1%         N/A       28%         2
 Call Canine Familiar     Summ           1%         N/A       50%         3
 Confusing Touch          Hex            1%         N/A       50%         3
 Mephitic Cloud           Conj/Pois/Air  1%         N/A       50%         3
 Portal Projectile        Hex/Tloc       2%         N/A       50%         3
 Summon Guardian Golem    Hex/Summ       1%         N/A       50%         3
 Vampiric Draining        Necr           1%         2d6       50%         3
 Statue Form              Tmut/Erth      20%        N/A       61%         6
 Fulminant Prism          Conj/Hex       0%         3d6       88%         4
 Iskenderun's Mystic Bla  Conj/Tloc      1%         2d3       88%         4
 Leda's Liquefaction      Hex/Erth       0%         N/A       88%         4
 Freezing Cloud           Conj/Ice/Air   0%         6-21      99%         5
 Lee's Rapid Deconstruct  Erth           0%         3d5*      99%         5
 Metabolic Englaciation   Hex/Ice        0%         N/A       99%         5
 Orb of Destruction       Conj           0%         9d5       100%        7
 Spellforged Servitor     Conj/Summ      0%         N/A       100%        7
 Summon Hydra             Summ           0%         N/A       100%        7


Dungeon Overview and Level Annotations

Branches:
Dungeon (11/15)            Temple (1/1) D:6
   Lair: D:8-11         Orc: D:9-12

Altars:
Ashenzari
Cheibriados
Dithmenos
Elyvilon
Fedhas
Gozag
Hepliaklqana
Kikubaaqudgha
Makhleb
Nemelex Xobeh
Okawaru
Qazlal
Ru
Sif Muna
Trog
Uskayaw
Vehumet
Wu Jian
Xom
Yredelemnul
Zin
The Shining One

Shops:
D:3 (   D:5 (   D:8 :   D:9 *

Annotations:
D:2 not done
D:9 death yak, exclusion: death yak
D:10 3 runed translucent doors, KittyFluff's ghost, novice GrBe
D:11 Nergalle


Innate Abilities, Weirdness & Mutations

You are a creature of crystalline ice.
You have a powerful freezing melee attack.
You are amphibious.
Your maximum health is increased.
Your armour is entirely melded.
You are incapable of wielding weapons or throwing items.
((You can breathe blasts of fire.))
((Your fiery red scales are hard. (AC +7)))
You cannot fit into any form of body armour.
((Your flesh is heat resistant. (rF+)))
((You are cold-blooded and may be slowed by cold attacks.))


Message History

You breathe a blast of fire.
The fiery breath hits Nergalle but does no damage.
Nergalle is engulfed in blazing flames.
Nergalle points at you and mumbles some strange words.
The bolt of negative energy misses you.
The spectral orc warrior hits you from afar with a +2 trident of flaming!
You feel drained.
The spectral orc hits you but does no damage.
You are electrocuted!
* * * LOW HITPOINT WARNING * * *
Unknown command.
Unknown command.
Casting: Ignite Poison (dangerous; 5% risk of failure)
Confirm with . or Enter, or press ? or * to list all spells.
Okay, then.
Unknown command.
Unknown command.
Casting: Ignite Poison (dangerous; 5% risk of failure)
Confirm with . or Enter, or press ? or * to list all spells.
You turn into a creature of crystalline ice.
Your +2 dagger of venom melds into your body.
Your +0 cloak melds into your body.
Your +2 dagger of venom stops dripping with poison.
Nergalle is engulfed in blazing flames.
Nergalle points at the spectral orc warrior and mumbles some strange words.
The spectral orc warrior seems to speed up.
The spectral orc hits you with a +4 hand axe of electrocution!
* * * LOW HITPOINT WARNING * * *
The spectral orc warrior hits you from afar with a +2 trident of flaming.
* * * LOW HITPOINT WARNING * * *
You feel drained.
* * * LOW HITPOINT WARNING * * *
The spectral orc warrior melts you.
* * * LOW HITPOINT WARNING * * *
You hit Nergalle. You freeze Nergalle.
Nergalle is heavily wounded.
Nergalle is engulfed in blazing flames.
Nergalle points at you and mumbles some strange words.
The bolt of negative energy hits you!!
You feel drained.
You die...

..# .. ..# #.... #...#
..# #.... #...# #....
#...#
##....####...#####.
...................
.......................
......o.Z.............
>......YZZ...........
...#######...####...#
#...# #...# #...# #...#
#...# #...# #...# #<..#
#...# #...#
#...####...####
#..............


You could see Nergalle, a spectral orc (summoned) and 2 spectral orc warriors.

Vanquished Creatures
  7 two-headed ogres
  Pikel (D:4)
  Joseph (D:7)
  Grinder (D:6)
  A hornet (D:8)
  2 shadows
  4 yaks (D:9)
  A wyvern (D:8)
  3 steam dragons
  Edmund (D:6)
  A water moccasin (D:7)
  Duvessa (D:5)
  3 orc warriors
  A black bear (D:8)
  An ice beast (D:7)
  An ogre (D:6)
  2 centaurs
  2 phantoms
  2 bullfrogs
  A kobold brigand (D:8)
  A gnoll sergeant (D:9)
  A necrophage (D:8)
  3 scorpions
  18 wights
  Dowan (D:5)
  8 killer bees
  A howler monkey (D:6)
  2 hounds
  2 gnoll boudas
  5 jellies
  4 orc priests
  4 iguanas
  3 orc wizards
  13 gnolls
  7 adders
  A shadow imp (D:7)
  A white imp (D:6)
  2 ufetubi
  A worm (D:4)
  2 dart slugs
  30 orcs
  5 endoplasms
  A giant cockroach (D:1)
  8 goblins
  9 hobgoblins
  6 jackals
  5 quokkas
  3 training dummies (D:5)
  9 ball pythons
  4 bats
  2 frilled lizards
  14 kobolds
  5 rats
218 creatures vanquished.

Vanquished Creatures (others)
  13 fungi (D:7)
  4 plants (D:10)
17 creatures vanquished.

Grand Total: 235 creatures vanquished

Notes
Turn   | Place    | Note
-------+----------+-------------------------------------------
     0 | D:1      | cdecastro the Draconian Transmuter began the quest for the
                  | Orb.
     0 | D:1      | Reached XP level 1. HP: 16/16 MP: 3/3
   150 | D:1      | Reached XP level 2. HP: 20/23 MP: 5/5
   286 | D:1      | Reached skill level 3 in Transmutations
   675 | D:1      | Reached XP level 3. HP: 28/28 MP: 4/6
  1385 | D:2      | Reached skill level 4 in Transmutations
  1764 | D:2      | Reached XP level 4. HP: 24/35 MP: 7/7
  1810 | D:2      | Noticed an ogre
  2074 | D:3      | Found Jefe Zinyam's Weapon Emporium.
  2135 | D:3      | Found a faded altar of an unknown god.
  2192 | D:3      | Prayed at the altar of an unknown god.
  2192 | D:3      | Became a worshipper of Uskayaw the Reveller
  2192 | D:3      | Reached * piety under Uskayaw
  2369 | D:3      | Reached ** piety under Uskayaw
  2551 | D:3      | HP: 2/52 [poisoned by a killer bee]
  2553 | D:3      | Reached skill level 5 in Transmutations
  2553 | D:3      | Reached XP level 5. HP: 1/40 MP: 8/8
  2809 | D:4      | Learned a level 2 spell: Wereblood
  2813 | D:4      | Learned a level 3 spell: Spider Form
  2815 | D:4      | Noticed a phantom
  2973 | D:4      | Reached skill level 6 in Transmutations
  2982 | D:4      | Reached XP level 6. HP: 11/47 MP: 9/9
  3471 | D:4      | Reached skill level 7 in Transmutations
  3556 | D:4      | Found a bloodstained altar of Trog.
  3557 | D:4      | Found a burning altar of Makhleb.
  3558 | D:4      | Found a shadowy altar of Dithmenos.
  3930 | D:5      | Entered Level 5 of the Dungeon
  3937 | D:5      | Your scales start taking on a fiery red colour.
  3937 | D:5      | Reached XP level 7. HP: 47/52 MP: 10/10
  3937 | D:5      | Gained mutation: Your flesh is heat resistant. (rF+) [Red
                  | Draconian growth]
  4167 | D:5      | Noticed Pikel
  4199 | D:4      | Killed Pikel
  4200 | D:4      | Reached skill level 9 in Transmutations
  4200 | D:4      | Reached XP level 8. HP: 59/59 MP: 11/11
  4298 | D:5      | Found an ornate altar of the Wu Jian Council.
  4341 | D:5      | Noticed Dowan
  4747 | D:5      | Reached skill level 10 in Transmutations
  4759 | D:5      | Found Nezou's Firing Range.
  4899 | D:5      | Noticed Duvessa
  4909 | D:5      | Killed Duvessa
  5124 | D:5      | Killed Dowan
  5871 | D:6      | Found a staircase to the Ecumenical Temple.
  5887 | Temple   | Entered the Ecumenical Temple
  6289 | D:6      | Reached skill level 11 in Transmutations
  6356 | D:6      | Noticed Grinder
  6361 | D:6      | Killed Grinder
  6361 | D:6      | Reached *** piety under Uskayaw
  6756 | D:6      | Reached XP level 9. HP: 64/64 MP: 12/12
  6908 | D:6      | Reached skill level 12 in Transmutations
  6914 | D:6      | Noticed Edmund
  6932 | D:6      | Killed Edmund
  8146 | D:7      | Reached skill level 13 in Transmutations
  8436 | D:7      | Noticed Joseph
  8443 | D:7      | Killed Joseph
  8444 | D:7      | Reached skill level 14 in Transmutations
  9175 | D:8      | Reached XP level 10. HP: 71/71 MP: 13/13
  9395 | D:8      | Learned a level 3 spell: Ignite Poison
  9400 | D:8      | Learned a level 4 spell: Ice Form
  9412 | D:8      | Found Ehitsato's Book Emporium.
 10475 | D:8      | Noticed a two-headed ogre
 10486 | D:8      | Killed a two-headed ogre
 10487 | D:8      | Reached skill level 15 in Transmutations
 10670 | D:9      | Noticed a two-headed ogre
 10679 | D:9      | Killed a two-headed ogre
 11152 | D:9      | Reached skill level 16 in Transmutations
 11416 | D:9      | Found Vysmisse's Demolitions Depot.
 11569 | D:9      | Noticed a death yak
 11951 | D:9      | Noticed a death yak
 11995 | D:9      | Noticed a two-headed ogre
 11995 | D:9      | Noticed a death yak
 12067 | D:10     | Entered Level 10 of the Dungeon
 12069 | D:10     | Noticed a two-headed ogre
 12074 | D:10     | HP: 2/71 [two-headed ogre/+0 dire flail (7)]
 12076 | D:10     | Killed a two-headed ogre
 12077 | D:10     | Reached XP level 11. HP: 2/77 MP: 14/14
 12422 | D:10     | Noticed a two-headed ogre
 12431 | D:10     | Killed a two-headed ogre
 12432 | D:10     | Reached skill level 17 in Transmutations
 12611 | D:10     | Found a runed translucent gate.
 12611 | D:10     | Found a runed translucent gate.
 12612 | D:10     | Found a runed translucent gate.
 12756 | D:10     | Noticed a 12-headed hydra
 12757 | D:10     | Noticed KittyFluff's ghost (novice GrBe)
 13015 | D:10     | Noticed a two-headed ogre
 13023 | D:10     | Killed a two-headed ogre
 13511 | D:10     | Noticed a two-headed ogre
 13519 | D:10     | Killed a two-headed ogre
 13731 | D:11     | Noticed a two-headed ogre
 13741 | D:11     | Killed a two-headed ogre
 13817 | D:11     | Noticed Nergalle
 13824 | D:11     | Killed from afar by Nergalle

Illustrated notes

Levels and vault maps discovered:
D:1:      minmay_arrival_four_loops, layout_rooms
D:2:      layout_basic, serial_shops, nicolae_square_shop,
          roderic_roman_lattice, st_stairs_4, minmay_door_square,
          interstate_on_off, minmay_misc_feat_tiny
D:3:      layout_loops_cross, hellmonk_ecumenical_altar_dog_temple,
          serial_shops, shop, minmay_stone_trees_large
D:4:      layout_rooms, grunt_temple_overflow_open
D:5:      layout_loops_cross, mainiacjoe_overflow_alcove_1,
          nicolae_shop_firing_range, uniq_duvessa, uniq_pikel
D:6:      nicolae_cairo_tiling_large_dashed, layout_gridville,
          minmay_temple_entry_statues_pillars, uniq_grinder, uniq_edmund
D:7:      kennysheep_steamy, layout_basic, uniq_joseph
D:8:      layout_loops_corners, serial_shops, nicolae_shop_statue_plus,
          kennysheep_generic_room_3
D:9:      layout_irregular_city, dpeg_lair_monsters, nicolae_blasting_shop
D:10:     layout_loops_corners, gammafunk_ghost_hydra_chop
D:11:     layout_small_grid, portal_ice_cave_rime, uniq_erica, uniq_nergalle
Temple:   nicolae_temple_two_arcs

Skill      XL: |  1  2  3  4  5  6  7  8  9 10 11 |
---------------+----------------------------------+-----
Transmutations | 3 4 5 6 7 9 11 14 16 17 | 17.6
Fighting       | |  1.1
Dodging        | |  1.7
Unarmed Combat | |  3.1
Spellcasting   | |  2.0

Action                   |  1- 3 |  4- 6 |  7- 9 | 10-12 || total
-------------------------+-------+-------+-------+-------++-------
Melee: Unarmed           |    14 |       |     6 |    22 ||    42
       Headbutt          |     9 |    10 |       |       ||    19
       Tailslap          |    15 |    10 |    44 |    26 ||    95
       Kick              |    16 |    13 |       |       ||    29
       Dagger            |    96 |   127 |   209 |   151 ||   583
       Punch             |     6 |     6 |     7 |     6 ||    25
Throw: Boomerang         |       |       |     4 |       ||     4
       Dart              |       |       |       |    22 ||    22
 Cast: Beastly Appendage |    18 |    12 |       |       ||    30
       Spider Form       |       |       |     1 |     1 ||     2
       Ice Form          |       |       |       |     2 ||     2
       Ignite Poison     |       |       |       |     3 ||     3
Invok: Stomp             |       |     2 |     1 |       ||     3
 Abil: Breathe Fire      |       |       |    36 |    27 ||    63
Evoke: Wand              |       |       |     5 |     4 ||     9
  Use: Potion            |       |     3 |     1 |       ||     4
       Scroll            |       |       |    10 |       ||    10
 Stab: Sleeping          |     1 |     1 |     3 |     2 ||     7
       Paralysed         |       |       |       |     2 ||     2
Armor: Skin              |    37 |    92 |    66 |    40 ||   235
Dodge: Dodged            |    77 |    70 |   112 |   113 ||   372
Block: Other             |       |       |       |    28 ||    28
